[ AOE2 MATCH · #495689797 ]
UnrankedTeutons vs Gurjaras
Player's team · WIN
Rival team · LOSS
[ REPLAY ANALYSIS · EXTRACTED FROM THE RECORDED GAME ]
Feudal
11:52
Castle
20:37
Imperial
—
| APM avg | 31.6 |
| APM peak | 81 |
| eAPM avg | 16.9 |
| Villagers / military | 75 / 92 |
Focus
⚔️ 36.3% · 🌾 63.7%
Teutonic Knight ×38 · Skirmisher ×26 · Militia ×14 · Battering Ram ×12 · Archer ×2
Feudal
10:16
Castle
21:02
Imperial
—
| APM avg | 34.5 |
| APM peak | 78 |
| eAPM avg | 16.2 |
| Villagers / military | 129 / 87 |
Focus
⚔️ 29.0% · 🌾 71.0%
Archer ×47 · Shrivamsha Rider ×20 · Chakram Thrower ×12 · Scout Cavalry ×4 · Militia ×3 · Elephant Archer ×1
Match map
Initial resources + every placement click. Lines = walls · curves = elevation contours. ◆ gold · ⬟ stone · ● berries · ✦ relic · ◌ wall gap
Your base· Open — 11t gap
cewh's base· Open — 3t gap
Smoothed initial terrain · ◌ = detected wall gap · hover for details
Inputs per minute
— RH450 - - cewh
Build order — RH450
First 150 of 230 actions detected
| 0:08 | Build | Town Center |
| 1:11 | Queue | Villager (Male) |
| 1:11 | Queue | Villager (Male) |
| 1:11 | Queue | Villager (Male) |
| 1:28 | Queue | Villager (Male) |
| 1:28 | Queue | Villager (Male) |
| 2:21 | Queue | Villager (Male) |
| 2:34 | Queue | Villager (Male) |
| 2:56 | Queue | Villager (Male) |
| 2:57 | Queue | Villager (Male) |
| 3:23 | Build | Lumber Camp |
| 3:28 | Queue | Villager (Male) |
| 3:37 | Queue | Villager (Male) |
| 3:37 | Queue | Villager (Male) |
| 4:12 | Queue | Villager (Male) |
| 4:12 | Queue | Villager (Male) |
| 4:36 | Queue | Villager (Male) |
| 4:37 | Queue | Villager (Male) |
| 4:53 | Research | Loom |
| 5:19 | Queue | Villager (Male) |
| 5:20 | Queue | Villager (Male) |
| 6:02 | Build | House |
| 6:06 | Queue | Villager (Male) |
| 6:06 | Queue | Villager (Male) |
| 6:06 | Queue | Villager (Male) |
| 6:17 | Build | House |
| 6:19 | Build | House |
| 7:03 | Queue | Villager (Male) |
| 7:04 | Queue | Villager (Male) |
| 7:22 | Build | House |
| 8:01 | Queue | Villager (Male) |
| 8:01 | Queue | Villager (Male) |
| 8:12 | Build | House |
| 8:25 | Build | Mining Camp |
| 9:17 | Queue | Villager (Male) |
| 9:18 | Queue | Villager (Male) |
| 9:18 | Queue | Villager (Male) |
| 9:27 | Research | Feudal Age |
| 10:46 | Build | Barracks |
| 10:57 | Queue | Villager (Male) |
| 10:57 | Queue | Villager (Male) |
| 11:07 | Build | Mill |
| 11:40 | Queue | Militia |
| 11:40 | Queue | Militia |
| 11:41 | Queue | Militia |
| 11:41 | Queue | Militia |
| 11:49 | Queue | Militia |
| 11:52 | Age | Feudal Age |
| 12:04 | Build | Archery Range |
| 12:09 | Research | Man-at-Arms (upgrade) |
| 12:49 | Queue | Villager (Male) |
| 12:50 | Queue | Villager (Male) |
| 12:55 | Build | Farm |
| 12:55 | Build | Farm |
| 12:55 | Build | Farm |
| 12:56 | Build | Farm |
| 12:56 | Build | Farm |
| 12:56 | Build | Farm |
| 12:57 | Build | Farm |
| 13:16 | Queue | Skirmisher |
| 13:16 | Queue | Skirmisher |
| 13:16 | Queue | Skirmisher |
| 13:20 | Queue | Villager (Male) |
| 13:30 | Build | House |
| 13:35 | Build | House |
| 13:36 | Build | House |
| 13:41 | Build | Farm |
| 13:41 | Build | Farm |
| 13:42 | Build | Farm |
| 13:42 | Build | Farm |
| 13:42 | Build | Farm |
| 13:43 | Build | Farm |
| 13:43 | Build | Farm |
| 14:15 | Queue | Villager (Male) |
| 14:16 | Queue | Villager (Male) |
| 14:59 | Queue | Villager (Male) |
| 15:03 | Queue | Militia |
| 15:03 | Queue | Militia |
| 15:04 | Queue | Militia |
| 16:21 | Build | Farm |
| 16:22 | Build | Farm |
| 16:22 | Build | Farm |
| 16:22 | Build | Farm |
| 16:22 | Build | Farm |
| 16:23 | Build | Farm |
| 16:24 | Build | Farm |
| 16:31 | Build | Mining Camp |
| 16:45 | Build | Market |
| 17:17 | Queue | Archer |
| 17:18 | Queue | Archer |
| 17:21 | Queue | Skirmisher |
| 17:21 | Queue | Skirmisher |
| 17:46 | Build | Blacksmith |
| 17:49 | Queue | Villager (Male) |
| 17:50 | Queue | Villager (Male) |
| 17:50 | Queue | Villager (Male) |
| 17:50 | Queue | Villager (Male) |
| 17:56 | Research | Castle Age |
| 17:59 | Queue | Militia |
| 17:59 | Queue | Militia |
| 18:00 | Queue | Militia |
| 18:00 | Queue | Militia |
| 18:28 | Research | Scale Mail Armor |
| 18:40 | Research | Double-Bit Axe |
| 18:49 | Research | Horse Collar |
| 19:00 | Queue | Skirmisher |
| 19:00 | Queue | Skirmisher |
| 19:58 | Queue | Militia |
| 19:58 | Queue | Militia |
| 20:37 | Age | Castle Age |
| 20:56 | Queue | Villager (Male) |
| 20:56 | Queue | Villager (Male) |
| 20:57 | Queue | Villager (Male) |
| 21:41 | Queue | Villager (Male) |
| 21:58 | Build | Castle |
| 22:06 | Queue | Skirmisher |
| 22:06 | Queue | Skirmisher |
| 22:07 | Queue | Skirmisher |
| 22:08 | Queue | Villager (Male) |
| 22:37 | Queue | Villager (Male) |
| 22:38 | Queue | Villager (Male) |
| 22:59 | Build | Farm |
| 23:00 | Build | Farm |
| 23:01 | Build | Farm |
| 23:01 | Build | Farm |
| 23:37 | Queue | Teutonic Knight |
| 23:37 | Queue | Teutonic Knight |
| 23:38 | Queue | Teutonic Knight |
| 23:38 | Queue | Teutonic Knight |
| 24:32 | Build | Archery Range |
| 24:36 | Build | Siege Workshop |
| 24:40 | Queue | Villager (Male) |
| 24:40 | Queue | Villager (Male) |
| 24:49 | Build | Town Center |
| 25:02 | Build | Stone Wall |
| 25:14 | Queue | Skirmisher ×5 |
| 25:52 | Queue | Teutonic Knight |
| 25:53 | Queue | Teutonic Knight |
| 25:53 | Queue | Teutonic Knight |
| 26:05 | Build | Mill |
| 26:13 | Queue | Villager (Male) |
| 26:13 | Queue | Villager (Male) |
| 26:40 | Queue | Villager (Male) |
| 26:40 | Queue | Villager (Male) |
| 26:40 | Queue | Villager (Male) |
| 26:42 | Research | Town Watch |
| 27:18 | Queue | Battering Ram |
| 27:18 | Queue | Battering Ram |
| 27:26 | Queue | Teutonic Knight |
| 27:26 | Queue | Teutonic Knight |
Build order — cewh
First 150 of 327 actions detected
| 0:08 | Build | Town Center |
| 1:11 | Queue | Villager (Male) |
| 1:11 | Queue | Villager (Male) |
| 1:11 | Queue | Villager (Male) |
| 1:12 | Queue | Villager (Male) |
| 1:12 | Queue | Villager (Male) |
| 1:24 | Build | Mill |
| 2:22 | Queue | Villager (Male) |
| 3:19 | Queue | Villager (Male) |
| 3:43 | Queue | Villager (Male) |
| 3:52 | Build | Lumber Camp |
| 3:58 | Queue | Villager (Male) |
| 4:46 | Queue | Villager (Male) |
| 4:46 | Queue | Villager (Male) |
| 4:47 | Queue | Villager (Male) |
| 4:47 | Queue | Villager (Male) |
| 5:15 | Queue | Villager (Male) |
| 5:35 | Queue | Villager (Male) |
| 5:55 | Queue | Villager (Male) |
| 5:58 | Queue | Villager (Male) |
| 6:00 | Research | Loom |
| 6:31 | Build | House |
| 6:32 | Build | House |
| 6:51 | Build | Barracks |
| 6:54 | Queue | Villager (Male) |
| 7:46 | Research | Feudal Age |
| 8:29 | Queue | Villager (Male) |
| 8:47 | Build | House |
| 8:50 | Build | House |
| 9:29 | Build | Mining Camp |
| 10:06 | Build | Mill |
| 10:14 | Queue | Villager (Male) |
| 10:16 | Age | Feudal Age |
| 10:31 | Research | Double-Bit Axe |
| 10:42 | Queue | Villager (Male) |
| 11:09 | Build | Archery Range |
| 11:42 | Queue | Villager (Male) |
| 11:43 | Queue | Villager (Male) |
| 11:44 | Queue | Villager (Male) |
| 11:54 | Build | House |
| 11:57 | Build | House |
| 12:04 | Build | Palisade Wall |
| 12:05 | Build | Palisade Wall |
| 12:13 | Queue | Archer |
| 12:13 | Queue | Archer |
| 12:13 | Queue | Archer |
| 12:17 | Queue | Villager (Male) |
| 12:45 | Build | Palisade Wall |
| 12:53 | Build | Palisade Wall |
| 12:59 | Queue | Villager (Male) |
| 13:04 | Queue | Archer |
| 13:04 | Queue | Archer |
| 13:08 | Queue | Villager (Male) |
| 13:17 | Queue | Villager (Male) |
| 13:36 | Queue | Villager (Male) |
| 13:47 | Queue | Villager (Male) |
| 14:01 | Build | Palisade Wall |
| 14:05 | Queue | Villager (Male) |
| 14:14 | Build | House |
| 14:43 | Build | Watch Tower |
| 14:46 | Build | Farm |
| 15:23 | Queue | Villager (Male) |
| 15:39 | Queue | Archer |
| 15:39 | Queue | Archer |
| 15:46 | Build | Farm |
| 15:46 | Build | Farm |
| 15:46 | Build | Farm |
| 15:49 | Queue | Villager (Male) |
| 16:11 | Queue | Villager (Male) |
| 16:22 | Build | Blacksmith |
| 16:37 | Queue | Villager (Male) |
| 16:51 | Build | Stable |
| 17:10 | Queue | Villager (Male) |
| 17:11 | Queue | Villager (Male) |
| 17:11 | Queue | Villager (Male) |
| 17:33 | Research | Fletching |
| 17:45 | Build | Farm |
| 17:52 | Build | Farm |
| 17:54 | Queue | Villager (Male) |
| 18:02 | Research | Castle Age |
| 18:06 | Queue | Archer |
| 18:20 | Build | Farm |
| 18:20 | Build | Farm |
| 18:24 | Build | Farm |
| 18:39 | Queue | Villager (Male) |
| 18:53 | Build | Mining Camp |
| 19:22 | Queue | Archer |
| 19:23 | Queue | Archer |
| 19:30 | Research | Padded Archer Armor |
| 19:45 | Queue | Scout Cavalry |
| 19:56 | Queue | Archer |
| 20:32 | Queue | Scout Cavalry |
| 20:32 | Queue | Scout Cavalry |
| 21:02 | Age | Castle Age |
| 21:05 | Queue | Villager (Male) |
| 21:06 | Queue | Villager (Male) |
| 21:10 | Build | Town Center |
| 21:27 | Queue | Elephant Archer |
| 21:52 | Build | House |
| 21:56 | Queue | Villager (Male) |
| 21:56 | Queue | Villager (Male) |
| 21:57 | Queue | Villager (Male) |
| 22:14 | Build | Farm |
| 22:14 | Build | Farm |
| 22:27 | Build | Farm |
| 22:28 | Build | Farm |
| 22:42 | Queue | Villager (Male) |
| 22:43 | Queue | Villager (Male) |
| 22:43 | Queue | Villager (Male) |
| 22:58 | Queue | Shrivamsha Rider |
| 22:59 | Queue | Shrivamsha Rider |
| 23:07 | Queue | Archer |
| 23:07 | Queue | Archer |
| 23:07 | Queue | Archer |
| 23:08 | Queue | Archer |
| 23:23 | Queue | Villager (Male) |
| 23:24 | Queue | Villager (Male) |
| 23:24 | Queue | Villager (Male) |
| 23:41 | Queue | Scout Cavalry |
| 23:43 | Build | Farm |
| 23:51 | Build | Farm |
| 24:06 | Build | Farm |
| 24:14 | Queue | Villager (Male) |
| 24:15 | Queue | Villager (Male) |
| 24:35 | Build | Farm |
| 24:36 | Build | Farm |
| 24:36 | Build | Farm |
| 24:36 | Build | Farm |
| 24:36 | Build | Farm |
| 24:37 | Build | Farm |
| 24:41 | Queue | Shrivamsha Rider |
| 24:41 | Queue | Shrivamsha Rider |
| 24:53 | Queue | Villager (Male) |
| 24:54 | Queue | Villager (Male) |
| 24:54 | Queue | Villager (Male) |
| 25:04 | Build | Farm |
| 25:07 | Queue | Villager (Male) |
| 25:27 | Build | Farm |
| 25:28 | Queue | Villager (Male) |
| 25:33 | Build | House |
| 25:35 | Build | House |
| 25:36 | Build | House |
| 25:43 | Build | House |
| 25:44 | Build | House |
| 26:00 | Build | Farm |
| 26:00 | Build | Farm |
| 26:01 | Build | Farm |
| 26:06 | Queue | Villager (Male) |
| 26:06 | Queue | Villager (Male) |
| 26:06 | Queue | Villager (Male) |
Match timeline
| 6:51 | cewh · first_building Barracks |
| 10:16 | cewh · age_up feudal |
| 10:46 | RH450 · first_building Barracks |
| 11:09 | cewh · first_building Archery Range |
| 11:52 | RH450 · age_up feudal |
| 12:04 | cewh · wall_segment Palisade Wall x4 |
| 12:04 | RH450 · first_building Archery Range |
| 12:05 | cewh · wall_segment Palisade Wall x2 |
| 12:45 | cewh · wall_segment Palisade Wall x1 |
| 12:53 | cewh · wall_segment Palisade Wall x7 |
| 14:01 | cewh · wall_segment Palisade Wall x15 |
| 16:51 | cewh · first_building Stable |
| 20:37 | RH450 · age_up castle |
| 21:02 | cewh · age_up castle |
| 21:36 | RH450 · first_market_buy 100 stone |
| 21:40 | RH450 · first_market_sell 100 wood |
| 21:58 | RH450 · first_building Castle |
| 24:36 | RH450 · first_building Siege Workshop |
| 25:02 | RH450 · wall_segment Stone Wall x6 |
| 27:46 | cewh · first_building Castle |
| 33:58 | RH450 · first_building Monastery |
| 40:13 | RH450 · wall_segment Stone Wall x5 |
| 41:09 | cewh · resign |
[ AI ANALYSIS · 1 CREDIT ]
What really happened in this match?
Wolo.gg analyzes every decision: build order, eco, micro, common mistakes by bracket. Personalized analysis on WhatsApp or Discord in 30 seconds.
Civ guide
Teutons
Perfil
Jugador #10596640